 Dungeon Crawl Stone Soup version 0.19.0-11-g3fc08b3 (webtiles) character file.

610 Kirk the Sneak (level 7, -5/66 HPs)
             Began as an Ogre Assassin on Nov 9, 2016.
             Slain by a gnoll
             ... wielding a +0 spear
              (9 damage)
             ... on level 5 of the Dungeon.
             The game lasted 00:07:43 (4385 turns).

Kirk the Sneak (Ogre Assassin)                      Turns: 4385, Time: 00:07:43

Health: -5/66      AC:  4    Str: 23    XL:     7   Next: 43%
Magic:  7/7        EV:  7    Int: 10    God:
Gold:   222        SH:  9    Dex: 17    Spells: 0 memorised, 6 levels left

rFire  . . .     SeeInvis .     a - +3 dagger
rCold  . . .     Gourm    .     c - +0 robe
rNeg   . . .     Faith    .     n - +0 shield
rPois  .         Spirit   .     (helmet restricted)
rElec  .         Reflect  .     d - +0 cloak
rCorr  .         Harm     .     (gloves unavailable)
MR     .....                    (boots unavailable)
Stlth  +++.......               (no amulet)
                                x - +4 ring of dexterity
                                k - +6 ring of strength

@: no status effects
A: unfitting armour, tough skin 1
a: no special abilities


You were on level 5 of the Dungeon.
You were hungry.

You visited 1 branch of the dungeon, and saw 5 of its levels.

You collected 222 gold pieces.

Inventory:

Hand Weapons
 a - a +3 dagger (weapon)
 b - a +0 blowgun
Missiles
 e - 20 poisoned needles
 f - 2 curare-tipped needles
 u - 7 steel javelins (quivered)
Armour
 c - a +0 robe (worn)
 d - a +0 cloak (worn)
 n - a +0 shield (worn)
Jewellery
 j - an uncursed ring of resist corrosion
 k - a +6 ring of strength (left hand)
 s - a +3 ring of intelligence
 w - an uncursed ring of flight
 x - a +4 ring of dexterity (right hand)
Scrolls
 p - 5 scrolls of remove curse
 t - a scroll of teleportation
 v - a scroll of amnesia
 y - a scroll of magic mapping
Potions
 z - 2 potions of might
 A - a potion of heal wounds
 B - a potion of magic
Comestibles
 g - 4 bread rations
 i - a slice of pizza
 r - a beef jerky
 D - a royal jelly


   Skills:
 - Level 2.6 Fighting
 + Level 3.7 Short Blades
 - Level 2.0 Throwing
 - Level 0.8 Dodging
 + Level 4.8 Stealth
 + Level 3.0 Shields


You had 6 spell levels left.
You didn't know any spells.

Dungeon Overview and Level Annotations

Branches:
Dungeon (5/15)
 Temple: D:4-7

Altars:


Innate Abilities, Weirdness & Mutations

You are too large for most types of armour.
You have tough skin. (AC +1)


Message History

The gnoll hits you with a spear.
* * * LOW HITPOINT WARNING * * *
Things that are here:
a whip; a gnoll corpse You are too injured to fight recklessly!
You hit the gnoll.
The gnoll is moderately wounded.
The gnoll hits you with a spear!
* * * LOW HITPOINT WARNING * * *
Unknown command.
You hit the gnoll.
The gnoll is severely wounded.
The gnoll hits you with a spear.
* * * LOW HITPOINT WARNING * * *
You hit the gnoll but do no damage.
The gnoll is severely wounded.
You hit the gnoll.
The gnoll is almost dead.
The gnoll hits you with a spear!
You die...

,,#,**,,,,,,,,,,,,** *,****
g.#.,**,,,,,,,,,,###########,*
.a.gg###,,,,,,,,##.........#,*
,,#....####++####..#######.#,*
** ,,#####g.....##...## *,*,*
*, ,,*
##.#######.#########,*,* *,
,** #.# #..........,,,* *, **
#g##### #..########,*****,
#>#...###@.# *,,,,,,,
****####...#...g..# ********
,........(...######
*#############


You could see a gnoll.

Vanquished Creatures
  Grinder (D:4)
  An ogre (D:4)
  A howler monkey (D:3)
  An orc priest (D:3)
  A hound (D:3)
  A centaur skeleton (D:4)
  A worker ant (D:4)
  2 gnolls (D:5)
  5 adders
  An ooze (D:1)
  A worm (D:4)
  9 leopard geckos
  8 orcs
  5 giant cockroaches
  11 hobgoblins
  7 jackals
  A quokka (D:2)
  2 ball pythons
  10 bats
  6 frilled lizards
  6 goblins
  7 kobolds
  A quokka skeleton (D:3)
  6 rats
95 creatures vanquished.

Notes
Turn   | Place    | Note
-------+----------+-------------------------------------------
     0 | D:1      | Kirk the Ogre Assassin began the quest for the Orb.
     0 | D:1      | Reached XP level 1. HP: 22/22 MP: 1/1
    20 | D:1      | Reached skill level 3 in Stealth
   151 | D:1      | Reached XP level 2. HP: 21/29 MP: 2/2
   737 | D:2      | Reached XP level 3. HP: 31/36 MP: 3/3
  1284 | D:2      | Reached XP level 4. HP: 33/44 MP: 4/4
  1474 | D:3      | Reached skill level 4 in Stealth
  1479 | D:3      | Found a faded altar of an unknown god.
  1835 | D:4      | Noticed an ogre
  1849 | D:4      | Killed an ogre
  1849 | D:4      | Reached skill level 1 in Shields
  1849 | D:4      | Reached XP level 5. HP: 50/50 MP: 5/5
  2084 | D:4      | Reached XP level 6. HP: 30/59 MP: 6/6
  2746 | D:4      | Noticed Grinder
  2759 | D:4      | Paralysed by Grinder for 5 turns
  2770 | D:4      | Killed Grinder
  2770 | D:4      | Reached XP level 7. HP: 22/66 MP: 7/7
  4312 | D:5      | Entered Level 5 of the Dungeon
  4378 | D:5      | HP: 1/66 [gnoll/spear (8)]
  4385 | D:5      | Slain by a gnoll

Skill      XL: |  1  2  3  4  5  6  7 |
---------------+----------------------+-----
Stealth        | 3 4 |  4.8
Short Blades   | 2 3 |  3.7
Shields        | 1 2 3 |  3.0
Fighting       | |  2.6
Throwing       | |  2.0
Dodging        | |  0.8

Action                   |  1- 3 |  4- 6 |  7- 9 || total
-------------------------+-------+-------+-------++-------
Melee: Dagger            |   107 |   162 |   168 ||   437
 Fire: Blowgun           |       |     5 |       ||     5
Throw: Javelin           |       |     4 |       ||     4
  Use: Scroll            |       |       |    11 ||    11
       Potion            |       |       |     1 ||     1
 Stab: Sleeping          |     5 |     3 |     2 ||    10
  Eat: Chunk             |     1 |     5 |     5 ||    11
Armor: Robe              |    51 |    48 |    49 ||   148
Dodge: Dodged            |    53 |    47 |    42 ||   142
Block: Shield            |    18 |    68 |    85 ||   171
